 Dungeon Crawl Stone Soup version 0.30-a0-900-g23479c02f2 (webtiles) character file.

Game seed: 4120475819091815734

337 Iniera the Magician (level 6, 0/28 HPs)
             Began as a Vine Stalker Conjurer on Mar 18, 2023.
             Was a Believer of Vehumet.
             Slain by a bullfrog (3 damage)
             ... in a sewer on Mar 19, 2023.
             The game lasted 00:08:20 (4352 turns).

Iniera the Magician (Vine Stalker Conjurer)         Turns: 4352, Time: 00:08:22

Health: 0/28       AC:  4    Str:  9    XL:     6   Next: 54%
Magic:  0/23       EV: 12    Int: 26    God:    Vehumet [**....]
Gold:   226        SH:  0    Dex: 13    Spells: 4/15 levels left

rFire   + . .      SeeInvis .    i - +1 short sword
rCold   + + .      Faith    .    (no shield)
rNeg    . . .      Spirit   +    c - +1 robe {rC+ rF+}
rPois   .          Reflect  .    g - +0 helmet
rElec   +          Rampage  .    (no cloak)
rCorr   .                        (no gloves)
Will    .....                    (no boots)
Stlth   ++                       (no amulet)
HPRegen 1.04/turn                d - ring "Pyfamp" {rElec rC+ MP+9 Int+6}
MPRegen 0.18/turn                f - +4 ring of slaying

@: studying Staves
A: fangs 2, regeneration 1, magic shield, antimagic bite, no potion heal 2
a: Renounce Religion


You were in a sewer.
You worshipped Vehumet.
Vehumet was pleased with you.
You visited 2 branches of the dungeon, and saw 5 of its levels.
You also visited: Sewer.

You collected 226 gold pieces.

Inventory:

Hand Weapons
 i - a +1 short sword (weapon)
Armour
 c - a +1 robe of resistance (worn)
 g - a +0 helmet (worn)
Jewellery
 d - the ring "Pyfamp" (left hand) {rElec rC+ MP+9 Int+6}
   (You acquired it on level 1 of the Dungeon)

   [ring of intelligence]

   Int:       It affects your intelligence (+6).
   rC:        It protects you from cold.
   rElec:     It insulates you from electricity.
   MP:        It affects your magic capacity (+9).
 f - a +4 ring of slaying (right hand)
Wands
 l - a wand of polymorph (12)
Scrolls
 h - 3 scrolls of amnesia
 j - 3 scrolls of fog
 o - a scroll of enchant weapon
Potions
 a - 3 potions of attraction
 b - a potion of magic
 k - 3 potions of invisibility
 m - a potion of brilliance {unknown}
 n - a potion of heal wounds
 p - a potion of cancellation {unknown}


   Skills:
 - Level 1.5 Dodging
 - Level 2.4 Stealth
 * Level 5.3 Spellcasting
 + Level 5.2 Conjurations
 + Level 2.0 Hexes
 + Level 0.5 Translocations


You had 4 spell levels left.
You knew the following spells:

 Your Spells              Type           Power      Damage    Failure   Level
a - Magic Dart            Conj           100%       1d8       1%          1
b - Searing Ray           Conj           68%        2d6       1%          2
c - Fulminant Prism       Conj/Hex       12%        3d9       17%         4
d - Iskenderun's Mystic   Conj/Tloc      21%        2d6       22%         4

Your spell library contained the following spells:

 Spells                   Type           Power      Damage    Failure   Level
 Foxfire                  Conj/Fire      80%        2x1d8     2%          1
 Dazzling Flash           Conj/Hex       50%        N/A       4%          3


Dungeon Overview and Level Annotations

Branches:
Dungeon (4/15)             Temple (1/1) D:4           Sewer (1/1)

Altars:
Cheibriados
Dithmenos
Fedhas
Gozag
Hepliaklqana
Kikubaaqudgha
Makhleb
Nemelex Xobeh
Okawaru
Qazlal
Ru
Trog
Vehumet
Wu Jian
Xom
Yredelemnul
Zin
The Shining One


Innate Abilities, Weirdness & Mutations

You have extremely sharp teeth.
Your natural rate of healing is unusually fast.
When hurt, damage is shared between your health and your magic reserves.
Your bite disrupts and absorbs the magic of your enemies.
Potions cannot restore your health.


Message History

The bullfrog completely misses you. The bullfrog barely misses you.
Unknown command.
Blink to where?
Press: ? - help, Dir - move target, p - adder
As you read the scroll of blinking, it crumbles to dust.
There's nothing to close nearby.
The bullfrog snags a nearby small bird with its tongue.
You hit the adder.
You kill the adder!
Vehumet accepts your kill.
Vehumet offers you knowledge of Foxfire.
You feel your power returning. The bullfrog hits you.
* * * LOW HITPOINT WARNING * * *
The bullfrog attacks as you move away! The bullfrog closely misses you.
The bullfrog attacks as you move away! The bullfrog hits you.
* * * LOW HITPOINT WARNING * * *
The bullfrog closely misses you.
You see here a rat corpse.
Casting: Searing Ray (safe; 1% risk of failure)
Confirm with . or Enter, or press ? or * to list all spells.
Aiming: Searing Ray (safe; 1% risk of failure)
Press: ? - help, Shift-Dir - straight line, f - ball python
Aim: a ball python (78% to hit)
The searing ray hits the bullfrog!
The bullfrog is heavily wounded.
The searing ray hits the bullfrog!
The bullfrog is moderately wounded.
The searing ray misses the ball python. (Press . to maintain the ray.)
The bullfrog hits you.
* * * LOW HITPOINT WARNING * * *
The ball python closely misses you. x2
Okay, then.
The ball python attacks as you move away!
The ball python bites you but does no damage.
The ball python misses you. The bullfrog attacks as you move away!
The bullfrog hits you.
* * * LOW HITPOINT WARNING * * *
The bullfrog hits you.
You die...

≈ #~S.~≈~≈≈≈≈~...##
~~~~#~≈≈§~~≈≈≈~....#
~~~~~≈≈†≈S~~~~~....#
~~≈~≈≈≈≈≈~FF~≈~....##
≈≈≈≈≈≈≈≈≈≈≈≈≈~#†....#
################.S..#
####F†.## #..#FS..#
#..@....# #####...#
##...##
################†...#
~≈≈≈≈≈≈≈≈~~≈≈~#†....#
~~~~≈≈~..~~~≈~..†..##
~≈~≈≈≈~(~≈≈~~≈~....#
≈≈~~~~.).~≈≈~~.....#
≈≈≈~≈~.~.≈≈~≈≈~...##


You could see 2 bullfrogs and 2 ball pythons.

Vanquished Creatures
  A scorpion (D:4)
  A jelly (D:4)
  An orc priest (D:3)
  Terence (D:2)
  7 adders
  4 river rats
  3 worms
  A dart slug (D:2)
  7 orcs (D:3)
  15 ball pythons
  3 bats
  4 endoplasms
  A giant cockroach (D:1)
  2 hobgoblins
  6 kobolds
  A quokka (D:1)
  5 frilled lizards
  2 goblins
  37 rats
102 creatures vanquished.

Vanquished Creatures (others)
  A fulminant prism (Sewer)
1 creature vanquished.

Grand Total: 103 creatures vanquished

Notes
Turn   | Place    | Note
-------+----------+-------------------------------------------
     0 | D:1      | Iniera the Vine Stalker Conjurer began the quest for the
                  | Orb.
     0 | D:1      | Reached XP level 1. HP: 9/9 MP: 4/4
   315 | D:1      | Reached XP level 2. HP: 13/13 MP: 2/6
  1239 | D:1      | Identified a scroll of acquirement
  1239 | D:1      | Acquired the ring "Pyfamp" {rElec rC+ MP+9 Int+6}
  1304 | D:1      | Learned a level 2 spell: Searing Ray
  1383 | D:2      | Reached XP level 3. HP: 16/16 MP: 8/8
  1757 | D:2      | Noticed Terence
  1777 | D:2      | Killed Terence
  2133 | D:3      | Gained mutation: Your natural rate of healing is unusually
                  | fast. [Vine Stalker growth]
  2133 | D:3      | Reached XP level 4. HP: 21/21 MP: 10/10
  2609 | D:3      | Learned a level 4 spell: Fulminant Prism
  2730 | D:3      | Reached XP level 5. HP: 20/24 MP: 7/12
  3326 | D:4      | Found a staircase to the Ecumenical Temple.
  3341 | D:4      | Reached skill level 5 in Conjurations
  3341 | D:4      | Reached skill level 1 in Hexes
  3344 | Temple   | Entered the Ecumenical Temple
  3518 | Temple   | Became a worshipper of Vehumet
  3605 | D:4      | Found a stormy altar of Qazlal.
  3652 | D:4      | Found a glowing drain.
  3708 | D:4      | Reached skill level 5 in Spellcasting
  3708 | D:4      | Reached XP level 6. HP: 28/28 MP: 14/14
  3748 | Sewer    | Entered a sewer
  4038 | Sewer    | Reached * piety under Vehumet
  4038 | Sewer    | Offered knowledge of Freeze by Vehumet.
  4102 | Sewer    | Learned a level 4 spell: Iskenderun's Mystic Blast
  4285 | Sewer    | Reached ** piety under Vehumet
  4348 | Sewer    | Offered knowledge of Foxfire by Vehumet.
  4352 | Sewer    | Slain by a bullfrog

Illustrated notes

Levels and vault maps discovered:
D:1:      dpeg_arrival_ratfight, layout_basic
D:2:      layout_basic, serial_bayou_pond_a, uniq_terence
D:3:      layout_basic
D:4:      layout_cave_pools, lemuel_crystal_altar, minmay_temple_entry_tees,
          portal_sewer_entry_b
Temple:   minmay_temple_bridge_d
Sewer:    sewer_minmay_w

Skill      XL: |  1  2  3  4  5  6 |
---------------+-------------------+-----
Spellcasting   | 3 4 5 |  5.3
Conjurations   | 5 |  5.2
Hexes          | 1 2 |  2.0
Dodging        | |  1.5
Stealth        | |  2.4
Translocations | |  0.5

Action                     |  1- 3 |  4- 6 || total
---------------------------+-------+-------++-------
  Melee: Short sword       |    22 |    48 ||    70
         Bite              |     2 |     9 ||    11
   Cast: Magic Dart        |    50 |    82 ||   132
         Searing Ray       |     3 |    14 ||    17
         Fulminant Prism   |       |     1 ||     1
    Use: Scroll            |     8 |     7 ||    15
         Potion            |     2 |       ||     2
   Stab: Sleeping          |       |     1 ||     1
 Armour: Robe              |     5 |    24 ||    29
         Skin              |     3 |       ||     3
  Dodge: Dodged            |    21 |    69 ||    90

Table legend: (Time is in decaauts)
 A = Elapsed time spent in this place.
 B = Non-inter-level travel time spent in this place.
 C = Inter-level travel time spent in this place.
 D = Time resting spent in this place.
 E = Time spent auto-exploring this place.
 F = Levels seen in this place.
 G = Mean time per level.
                   A        B        C        D        E       F      G
               +--------+--------+--------+--------+--------+-----+--------+
         Total |   4393 |   4092 |    301 |    257 |   3302 |   6 |  732.2 |
       Dungeon |   3498 |   3298 |    200 |    148 |   2781 |   4 |  874.5 |
        Temple |    247 |    146 |    101 |      0 |    138 |   1 |  247.0 |
         Sewer |    646 |    646 |      0 |    109 |    383 |   1 |  646.0 |
               +--------+--------+--------+--------+--------+-----+--------+

Top non-repeatable levels by time:
     D:1: 1338 daAuts
     D:3: 1205 daAuts
     D:2: 779 daAuts
   Sewer: 646 daAuts
  Temple: 247 daAuts
     D:4: 175 daAuts
